 Dungeon Crawl Stone Soup version 0.29-a0-234-g0dae59b3db (webtiles) character file.

Game seed: 16735359794119934479

588 spaghetti the Magician (level 6, -5/48 HPs)
             Began as a Demigod Gladiator on Mar 2, 2022.
             Killed by divine providence
             ... invoked by an orc priest
              (10 damage)
             ... on level 5 of the Dungeon.
             The game lasted 00:04:36 (3558 turns).

spaghetti the Magician (Demigod Gladiator)          Turns: 3558, Time: 00:04:37

Health: -5/48      AC:  8    Str: 15    XL:     6   Next: 92%
Magic:  0/16       EV: 12    Int: 18    God:
Gold:   223        SH:  0    Dex: 15    Spells: 11/14 levels left

rFire   . . .      SeeInvis .   w - +3 short sword (elec) {short}
rCold   . . .      Faith    .   (no shield)
rNeg    . . .      Spirit   +   b - +0 leather armour
rPois   .          Reflect  .   c - +0 helmet
rElec   .          Harm     .   (no cloak)
rCorr   .          Rampage  .   (no gloves)
Will    .....                   (no boots)
Stlth   +.........              g - amulet of guardian spirit
HPRegen 0.16/turn               m - +4 ring of protection
MPRegen 0.15/turn               (no ring)

@: weak-willed
A: high MP 1, forlorn, divine attributes
a: no special abilities


You were on level 5 of the Dungeon.
You visited 1 branch of the dungeon, and saw 5 of its levels.

You collected 223 gold pieces.


Innate Abilities, Weirdness & Mutations

You have an increased reservoir of magic. (+10% MP)
You shall have no god before yourself.
Your divine heritage dramatically boosts your attributes as you level up.


   Skills:
 - Level 2.0 Fighting
 - Level 2.6 Staves
 - Level 1.7 Throwing
 - Level 2.6 Dodging
 + Level 4.9 Spellcasting
 + Level 3.9 Summonings


You had 11 spell levels left.
You knew the following spells:

 Your Spells              Type           Power      Damage    Failure   Level
a - Call Canine Familiar  Summ           18%        N/A       10%         3

Your spell library contained the following spells:

 Spells                   Type           Power      Damage    Failure   Level
 Summon Small Mammal      Summ           72%        N/A       3%          1
 Summon Guardian Golem    Hex/Summ       11%        N/A       22%         3

Inventory:

Hand Weapons
 a - a +0 quarterstaff {staff}
 r - a +1 dagger of speed {short}
   (You took it off a goblin on level 2 of the Dungeon)
 w - a +3 short sword of electrocution (weapon) {short}
   (You took it off Terence on level 3 of the Dungeon)
 z - the +7 great sword "Bingo" {pain, Fly rPois Stlth+, long}
   (You found it on level 3 of the Dungeon)

   In the hands of one skilled in necromantic magic, it inflicts extra damage on
   living creatures.
   rPois:     It protects you from poison.
   Fly:       It grants you flight.
   Stlth:     It makes you more stealthy.
 D - the +7 spear "Qepnis" {vamp, *Corrode rPois MP+9 Int+5, polearm}
   (You found it on level 3 of the Dungeon)

   It occasionally heals its wielder for a portion of the damage dealt when it
   wounds a living foe.
   Int:       It affects your intelligence (+5).
   rPois:     It protects you from poison.
   MP:        It affects your magic capacity (+9).
   *Corrode:  It may corrode you when you take damage.
 G - a +1 dagger of venom {short}
   (You took it off a goblin on level 4 of the Dungeon)
Missiles
 d - 2 throwing nets (quivered) {=f!fthrowing}
 i - 191 stones {throwing}
Armour
 b - a +0 leather armour (worn)
 c - a +0 helmet (worn)
 s - a +2 buckler
   (You found it on level 2 of the Dungeon)
 x - a +0 scale mail
   (You took it off Terence on level 3 of the Dungeon)
Magical Staves
 e - a staff of cold {!astaff}
   (You found it on level 1 of the Dungeon)
Jewellery
 f - an amulet of faith {!P}
   (You found it on level 1 of the Dungeon)
 g - an amulet of guardian spirit (around neck)
   (You found it on level 1 of the Dungeon)
 m - a +4 ring of protection (left hand)
   (You found it on level 1 of the Dungeon)
 E - an amulet of magic regeneration {@e2}
   (You found it on level 4 of the Dungeon)
Wands
 q - a wand of polymorph (13)
   (You found it on level 2 of the Dungeon)
Scrolls
 j - a scroll of magic mapping {!r}
 l - a scroll of teleportation {@r4}
 u - a scroll of amnesia
Potions
 n - a potion of berserk rage {unknown}
 o - a potion of lignification {unknown}
 p - a potion of haste {unknown}
 A - a potion of heal wounds {unknown}
 B - a potion of attraction {unknown}
 F - a potion of flight {unknown}

Dungeon Overview and Level Annotations

Branches:
Dungeon (5/15)
 Temple: D:4-7

**,,,,,,,,,,, *#...,,,,,,,,,
*#.....,,,,*,** ***
#####.........##,**
**,***#...#..#........,,*
*,,,**...............#*,,
*,,,,**#.............#**,
*,,,,###..............,,,
*,...#..@.........>..#*,,
*****#........l...........,,,
*,,,*..?.#.##5h...........,,,
*,,,,......#.o............,**
**,,,.,.........Y.........,,,
****,,,*..s#.>...............,,,
*,,*,,,*.....o..$.l..........,,,
*,,,,,,,...........$.........,,,
*,*,,,,,,,...................,,,


You could see an ice beast, a scorpion, 2 iguanas, an orc priest, an ufetubus
(ally target) and a friendly hound (summoned).


Message History

Found 21 gold pieces.
Found a stone staircase leading down.
An ufetubus comes into view.
An iguana comes into view.
As you read the scroll labelled HUYHEG JIAF, it crumbles to dust.
It is a scroll of enchant weapon.
Your +2 short sword of electrocution {short} glows red for a moment.
The orc priest looks satisfied for a moment.
As you read the scroll labelled SOMPIOKUSU, it crumbles to dust.
It is a scroll of identify.
k - a potion of curing The iguana hisses angrily.
Found 6 poisoned darts.
Found a stone staircase leading down.
An ice beast comes into view.
The ufetubus completely misses you. The ufetubus hits you.
The orc priest hits you with a +0 flail. 😕 HP[-6] MP[-2]
You take 6 damage, and now have 42/48 hp.
You lost 2 mp, and now have 14/16 mp.
You hit the orc priest.
The ufetubus hits you but does no damage. x2
The ufetubus hits you. The ufetubus barely misses you.
The orc priest hits you with a +0 flail. 😕 HP[-5] MP[-2]
You take 5 damage, and now have 37/48 hp.
You lost 2 mp, and now have 12/16 mp.
You hit the orc priest. The ufetubus hits you.
The ufetubus hits you but does no damage.
The orc priest looks satisfied for a moment.
The ufetubus misses you. The ufetubus hits you. 😮 HP[-4]
You take 4 damage, and now have 33/48 hp.
You are too injured to fight recklessly!
You are too injured to fight recklessly!
You are too injured to fight recklessly!
You are too injured to fight recklessly!
You are too injured to fight recklessly!
You are too injured to fight recklessly!
You are too injured to fight recklessly!
You are too injured to fight recklessly!
You are too injured to fight recklessly!
You are too injured to fight recklessly!
You are too injured to fight recklessly!
You are too injured to fight recklessly!
You are too injured to fight recklessly!
You are too injured to fight recklessly!
You are too injured to fight recklessly!
You are too injured to fight recklessly!
You are too injured to fight recklessly!
You are too injured to fight recklessly!
Unknown command.
Casting: Call Canine Familiar (dangerous; 10% risk of failure)
Confirm with . or Enter, or press ? or * to list all spells.
The ufetubus hits you but does no damage.
The ufetubus hits you.
The orc priest mumbles some strange prayers to Beogh against you.
Beogh smites you!
* * * LOW HITPOINT WARNING * * *
An iguana comes into view. 😨 HP[-12] MP[-6]
You take 12 damage, and now have 21/48 hp.
MASSIVE DAMAGE!! (PAUSE)
You lost 6 mp, and now have 6/16 mp.
You barely miss the orc priest. The ufetubus barely misses you. x2
Your hound misses the ufetubus.
The orc priest calls down the wrath of Beogh upon you.
Beogh smites you!
* * * LOW HITPOINT WARNING * * *
The ufetubus closely misses you. x2
The ice beast closely misses your hound.
An orc wizard comes into view.
It is wielding a +0 dagger. 😱 HP[-13] MP[-3]
You take 13 damage, and now have 8/48 hp.
MASSIVE DAMAGE!! (PAUSE)
You lost 3 mp, and now have 3/16 mp.
Okay, then.
Okay, then.
You feel better.
Your hound bites the ufetubus.
The ufetubus hits your hound. x2
The orc priest barely misses you. The ice beast hits your hound.
The ice beast freezes your hound.
Your hound misses the ufetubus. 😨 HP[+5]
You regained 5 hp, and now have 13/48 hp.
Unknown command.
The orc priest invokes the aid of Beogh against you.
Beogh smites you!
* * * LOW HITPOINT WARNING * * *
The orc wizard gestures at you while chanting.
The puff of flame misses you. The ufetubus misses you.
The ufetubus hits you but does no damage. 😱 HP[-8] MP[-2]
You take 8 damage, and now have 5/48 hp.
You lost 2 mp, and now have 1/16 mp.
Okay, then.
Okay, then.
Your hound misses the ufetubus.
The ice beast barely misses your hound. 😱 MP[+1]
The ufetubus hits you but does no damage. x2
A scorpion comes into view.
Your hound barely misses the ufetubus.
The orc priest invokes the aid of Beogh against you.
Beogh smites you!
You die...

Skill      XL: |  1  2  3  4  5  6 |
---------------+-------------------+-----
Fighting       | 2 |  2.0
Spellcasting   | 1 3 4 |  4.9
Summonings     | 2 3 |  3.9
Staves         | |  2.6
Throwing       | |  1.7
Dodging        | |  2.6

Action                   |  1- 3 |  4- 6 || total
-------------------------+-------+-------++-------
Melee: Quarterstaff      |    73 |    19 ||    92
       Short sword       |       |   178 ||   178
       Punch             |       |     3 ||     3
Throw: Throwing net      |       |     1 ||     1
 Cast: Call Canine Famil |       |     2 ||     2
  Use: Scroll            |       |     9 ||     9
       Potion            |       |     1 ||     1
 Stab: Held in net/web   |       |     2 ||     2
       Sleeping          |       |     2 ||     2
Armor: Leather armour    |    34 |    70 ||   104
Dodge: Dodged            |    49 |   138 ||   187

Levels and vault maps discovered:
D:1:      eino_arrival_druids_welcome, layout_basic,
          hellmonk_ecumenical_altar_prayer_group, minmay_cupped
D:2:      layout_basic
D:3:      layout_loops_ring, grunt_temple_overflow_holy_war, uniq_terence
D:4:      layout_loops_ring, uniq_sigmund
D:5:      layout_cave_pools, portal_sewer_entry_f

Notes
Turn   | Place    | Note
-------+----------+-------------------------------------------
     0 | D:1      | spaghetti the Demigod Gladiator began the quest for the
                  | Orb.
     0 | D:1      | Reached XP level 1. HP: 17/17 MP: 3/3
     0 | D:1      | magus.rc [v1.9.6]
    62 | D:1      | Reached skill level 2 in Fighting
   421 | D:1      | Reached skill level 1 in Spellcasting
   468 | D:1      | You pick up a book of Callings and begin reading...
   468 | D:1      | You add the spells Summon Small Mammal, Call Canine
                  | Familiar and Summon Guardian Golem to your library.
   669 | D:2      | Reached XP level 2. HP: 20/24 MP: 4/6
   987 | D:2      | Noticed a necrophage
   996 | D:2      | Killed a necrophage
   997 | D:2      | Reached skill level 3 in Spellcasting
   997 | D:2      | Reached XP level 3. HP: 18/29 MP: 6/10
   997 | D:2      | Reached XP level 4. HP: 23/36 MP: 6/11
  1005 | D:2      | Learned a level 3 spell: Call Canine Familiar
  1525 | D:3      | Noticed Terence
  1531 | D:3      | Killed Terence
  1532 | D:3      | Reached skill level 1 in Summonings
  1641 | D:3      | Noticed an ogre
  1649 | D:3      | Killed an ogre
  1650 | D:3      | Reached skill level 2 in Summonings
  1650 | D:3      | Reached XP level 5. HP: 35/41 MP: 10/13
  1807 | D:3      | Identified the +7 great sword "Bingo" {pain, Fly rPois
                  | Stlth+}
  1856 | D:3      | Noticed an ice beast
  1865 | D:3      | Killed an ice beast
  1866 | D:3      | Reached skill level 4 in Spellcasting
  1866 | D:3      | Reached XP level 6. HP: 47/48 MP: 13/15
  2102 | D:3      | Identified the +7 spear "Qepnis" {vamp, *Corrode rPois MP+9
                  | Int+5}
  2475 | D:3      | Noticed an angel
  2678 | D:4      | Noticed Sigmund
  2699 | D:4      | Killed Sigmund
  2700 | D:4      | Reached skill level 3 in Summonings
  3527 | D:5      | Entered Level 5 of the Dungeon
  3553 | D:5      | HP: 8/48 [orc priest/divine providence (13)]
  3558 | D:5      | Killed from afar by an orc priest

Vanquished Creatures
  Sigmund (D:4)
  An ice beast (D:3)
  An ogre (D:3)
  A necrophage (D:2)
  An orc priest (D:4)
  A hound (D:4)
  Terence (D:3)
  3 adders
  2 worms
  5 dart slugs
  4 orcs (D:4)
  6 ball pythons
  6 bats
  4 endoplasms
  2 giant cockroaches
  5 goblins
  11 hobgoblins
  8 jackals
  2 quokkas
  3 frilled lizards
  8 kobolds
  2 rats
78 creatures vanquished.

Table legend:
 A = Non-vault XP
 B = Vault XP
 C = Vault XP percentage of total XP
 D = Non-vault monster count
 E = Vault monster count
 F = Vault count percentage of total count
                 A         B        C        D         E       F
            +---------+---------+-------+---------+---------+-------
      Total |     611 |     229 |  27.3 |      76 |       2 |   2.6
            +---------+---------+-------+---------+---------+-------
        D:1 |      13 |       0 |   0.0 |       8 |       0 |   0.0
        D:2 |     130 |       0 |   0.0 |      18 |       0 |   0.0
        D:3 |     313 |      32 |   9.3 |      21 |       1 |   4.5
        D:4 |     155 |     197 |  56.0 |      29 |       1 |   3.3
            +---------+---------+-------+---------+---------+-------

Illustrated notes

Table legend:
 A = Kills in this place as a percentage of kills in entire the game.
 B = Kills by you in this place as a percentage of kills by you in the entire game.
 C = Kills by friends in this place as a percentage of kills by friends in the entire game.
 D = Other kills in this place as a percentage of other kills in the entire game.
 E = Experience gained in this place as a percentage of experience gained in the entire game.
 F = Experience gained in this place divided by the number of levels of this place that you have seen.
                   A       B       C       D       E      F
               +-------+-------+-------+-------+-------+----------------------
         Total | 100.0 | 100.0 |   N/A |   N/A | 100.0 | 168.0
       Dungeon | 100.0 | 100.0 |   N/A |   N/A | 100.0 | 168.0
               +-------+-------+-------+-------+-------+----------------------

Table legend: (Time is in decaauts)
 A = Elapsed time spent in this place.
 B = Non-inter-level travel time spent in this place.
 C = Inter-level travel time spent in this place.
 D = Time resting spent in this place.
 E = Time spent auto-exploring this place.
 F = Levels seen in this place.
 G = Mean time per level.
                   A        B        C        D        E       F      G
               +--------+--------+--------+--------+--------+-----+--------+
         Total |   3588 |   3461 |    127 |    167 |   2659 |   5 |  717.6 |
       Dungeon |   3588 |   3461 |    127 |    167 |   2659 |   5 |  717.6 |
               +--------+--------+--------+--------+--------+-----+--------+

Top non-repeatable levels by time:
     D:3: 1018 daAuts
     D:4: 1000 daAuts
     D:2: 878 daAuts
     D:1: 659 daAuts
     D:5: 31 daAuts
